 Dungeon Crawl Stone Soup version 0.27.1-4-g1640c2035a (webtiles) character file.

Game seed: 1481802120675557178

1 Descartes the Grasshopper (level 1, 0/7 HPs)
             Began as a Felid Wanderer on Nov 1, 2021.
             Slain by a hobgoblin (5 damage)
             ... on level 1 of the Dungeon.
             The game lasted 00:00:59 (118 turns).

Descartes the Grasshopper (Felid Wanderer)           Turns: 118, Time: 00:01:00

Health: 0/7        AC:  1    Str:  7    XL:     1   Next: 16%
Magic:  4/4        EV: 15    Int: 15    God:
Gold:   0          SH:  0    Dex: 14    Spells: 4/4 levels left
                                        Lives:  0   Deaths: 0

rFire    . . .     SeeInvis +   (weapon unavailable)
rCold    . . .     Faith    .   (shield unavailable)
rNeg     . . .     Spirit   .   (armour unavailable)
rPois    .         Reflect  .   (helmet unavailable)
rElec    .         Harm     .   (cloak unavailable)
rCorr    .         Rampage  .   (gloves unavailable)
Will     .....                  (boots unavailable)
Stlth    +.........             (no amulet)
HPRegen  0.02/turn              (no ring)
MPRegen  0.09/turn              (no ring)

@: quick
A: very small, claws 1, fangs 3, see invisible, speed 1, shaggy fur 1, stealthy
paws, no weapons or thrown items, no armour, multi-lived
a: no special abilities


You were on level 1 of the Dungeon.
You visited 1 branch of the dungeon, and saw 1 of its levels.

Inventory:

Scrolls
 a - a scroll of teleportation
 b - a scroll of magic mapping {unknown}


   Skills:
 + Level 0.1 Dodging
 + Level 0.1 Stealth
 + Level 0.0 Unarmed Combat
 - Level 2.0 Spellcasting
 + Level 7.2 Translocations
 + Level 1.1 Transmutations
 - Level 2.1 Evocations


You had 4 spell levels left.
You didn't know any spells.
Your spell library contained the following spells:

 Spells                   Type           Power      Damage    Failure   Level
 Blink                    Tloc           N/A        N/A       1%          2
 Gell's Gravitas          Tloc           11%        N/A       3%          3
 Lesser Beckoning         Tloc           11%        N/A       3%          3
 Teleport Other           Tloc           23%        N/A       3%          3
 Manifold Assault         Tloc           23%        N/A       30%         5


Dungeon Overview and Level Annotations

Branches:
Dungeon (1/15)

Altars:


Innate Abilities, Weirdness & Mutations

You have sharp claws.
You have razor-sharp teeth.
You have supernaturally acute eyesight. (SInv)
You cover ground quickly. (Speed+)
You are covered in fur. (AC +1)
Your paws help you pounce on unaware monsters.
You are incapable of wielding weapons or throwing items.
You cannot wear armour.
You gain extra lives every three experience levels.


Message History

You begin with the following items: a scroll of teleportation; and the following spells available to memorise: Blink, Gell's Gravitas, Lesser Beckoning, Teleport Other, Manifold Assault.
Okay, then.
Okay, then.
As you open the door, it creaks loudly!
There is an open door here.
A quokka comes into view.
You scratch the quokka.
The quokka is moderately wounded.
The quokka completely misses you. The quokka bites you.
You scratch the quokka.
You kill the quokka!
No target in view!
No target in view!
No target in view!
No target in view!
No target in view!
No target in view!
No target in view!
No target in view!
No target in view!
No target in view!
No target in view!
No target in view!
No target in view!
HP restored.
Found a scroll labelled VICO POCISUL.
Found a stone staircase leading down.
b - a scroll labelled VICO POCISUL
Found a gold piece.
A hobgoblin comes into view.
Found 11 arrows.
You scratch the hobgoblin but do no damage.
You bite the hobgoblin.
The hobgoblin is moderately wounded.
The hobgoblin hits you.
You closely miss the hobgoblin.
The hobgoblin is moderately wounded.
The hobgoblin hits you.
Ouch! That really hurt!
You die...

#.....# #.....# #.....#
#.....# #.....#
##.....##.......# ##
#..g...##........ ...
##..@...##........
....#.......##.........
..$.........##.........
.........#.............
............##.........
......##..............#
.........#..##.........
.........##.##.†.......
.....>...##.##.........


You could see a hobgoblin.

Vanquished Creatures
  A quokka (D:1)
1 creature vanquished.

Notes
Turn   | Place    | Note
-------+----------+-------------------------------------------
     0 | D:1      | Descartes the Felid Wanderer began the quest for the Orb.
     0 | D:1      | Descartes set off with the following items: a scroll of
                  | teleportation; and the following spells available to
                  | memorise: Blink, Gell's Gravitas, Lesser Beckoning,
                  | Teleport Other, Manifold Assault
     0 | D:1      | Reached XP level 1. HP: 7/7 MP: 4/4
   118 | D:1      | Slain by a hobgoblin

Illustrated notes

Levels and vault maps discovered:
D:1:      minmay_arrival_checkered_box, layout_rooms

Action                   || total
-------------------------++-------
Melee: Unarmed           ||     4
       Bite              ||     1
Dodge: Dodged            ||     1
